 Seeded DCSS version 0.28-a0-1613-gdaab1c2f9b (webtiles) character file.

Game seed: 11 (custom seed)

352 knot the Chopper (level 6, -8/47 HPs)
             Began as a Demonspawn Berserker on Jan 21, 2022.
             Was a Believer of Trog.
             Mangled by an iron imp (9 damage)
             ... summoned by Eustachio
             ... on level 4 of the Dungeon.
             The game lasted 00:02:53 (5186 turns).

knot the Chopper (Demonspawn Berserker)             Turns: 5186, Time: 00:02:55

Health: -8/47      AC:  2    Str: 18      XL:     6   Next: 35%
Magic:  6/6        EV: 12    Int: 10      God:    Trog [**....]
Gold:   147        SH:  0    Dex: 10 (12) Spells: 5/5 levels left

rFire   . . .      SeeInvis .   a - +0 hand axe
rCold   . . .      Faith    .   (no shield)
rNeg    . . .      Spirit   .   b - +0 animal skin
rPois   .          Reflect  .   (no helmet)
rElec   .          Harm     .   (no cloak)
rCorr   .          Rampage  .   (no gloves)
Will    .....                   (no boots)
Stlth   +.........              (no amulet)
HPRegen 0.15/turn               (no ring)
MPRegen 0.10/turn               (no ring)

@: on berserk cooldown, slowed, very slow
A: powered by death 1, sturdy frame 1, weakness stinger 1
a: Renounce Religion, Berserk, Trog's Hand


You were on level 4 of the Dungeon.
You worshipped Trog.
Trog was pleased with you.
You visited 1 branch of the dungeon, and saw 4 of its levels.
You also visited: Sewer.

You collected 147 gold pieces.

Inventory:

Hand Weapons
 a - a +0 hand axe (weapon)
Missiles
 d - 39 stones (quivered)
 i - 8 boomerangs
 q - 2 atropa-tipped darts
Armour
 b - a +0 animal skin (worn)
Scrolls
 e - 6 scrolls of identify {unknown}
 k - a scroll of enchant weapon {unknown}
 l - a scroll of fog {unknown}
 o - a scroll of summoning {unknown}
 p - 2 scrolls of teleportation {unknown}
 t - a scroll of fear {unknown}
Potions
 c - 3 potions of brilliance {unknown}
 f - 3 potions of mutation {unknown}
 g - a potion of attraction {unknown}
 h - 2 potions of lignification {unknown}
 j - a potion of curing {unknown}
 m - 2 potions of magic {unknown}
 n - 2 potions of degeneration {unknown}
 r - 2 potions of cancellation {unknown}
 s - a potion of berserk rage {unknown}
 u - a potion of flight {unknown}
 v - a potion of invisibility {unknown}


   Skills:
 - Level 3.0 Fighting
 + Level 6.6 Axes
 - Level 1.7 Armour
 - Level 1.7 Dodging


You had 5 spell levels left.
You didn't know any spells.
Your spell library contained the following spells:

 Spells                   Type           Power      Damage    Failure   Level
 Blink                    Tloc           0%         N/A       50%         2
 Manifold Assault         Tloc           0%         N/A       100%        5
 Storm Form               Tmut/Air       0%         N/A       100%        7


Dungeon Overview and Level Annotations

Branches:
Dungeon (4/15)              Sewer (visited)
 Temple: D:4-7

Altars:
Ashenzari
Cheibriados
Dithmenos
Elyvilon
Makhleb
Ru
Trog
Vehumet
Yredelemnul

Annotations:
D:4 Eustachio


Innate Abilities, Weirdness & Mutations

You regenerate a little health from kills.
Your movements are slightly less encumbered by armour. (ER -2)
You have a small tail.


Message History

You feel clumsy.
You slash the quasit!
You feel the power of Trog in you as your rage grows.
You kill the quasit!
The quasit disappears in a puff of smoke!
You closely miss the iron imp.
Eustachio casts a spell.
You barely miss the iron imp. The iron imp hits you!
You are too injured to fight recklessly!
You are too injured to fight recklessly!
You are too injured to fight recklessly!
You are too injured to fight recklessly!
You are too injured to fight recklessly!
You feel a strong urge to attack something.
The bat barely misses you.
Eustachio mumbles some strange words.
Eustachio blinks!
You miss Eustachio. You tail-slap Eustachio.
Eustachio is almost dead.
You slash the rat!
You kill the rat!
The rat's corpse disappears in a puff of smoke!
The bat misses you.
The quokka twitches its whiskers.
You barely miss Eustachio.
Your tail-slap misses Eustachio.
Eustachio is almost dead.
You hit the iron imp. You closely miss the bat. You miss the quokka.
You are no longer berserk.
You are exhausted.
You feel yourself slow down. The bat barely misses you. The bat hits you.
Eustachio hits you with a +0 rapier!
* * * LOW HITPOINT WARNING * * *
You closely miss Eustachio.
Your tail-slap misses Eustachio.
Eustachio is almost dead.
You hit the iron imp but do no damage. You closely miss the bat.
You hit the quokka. The bat closely misses you.
The quokka completely misses you. Eustachio hits you with a +0 rapier!
* * * LOW HITPOINT WARNING * * *
The iron imp hits you!
You die...

###########.# #.##......#
#.##......# #.##......
#.##...#.### #.##.......
#.##.....#####
#.##..r§b.....
#.##..@5#####.##
#.##..§@§.......
###.##........#.#
#...##.....#.....#
#########.####..#..# .....
..........#######..#.###.#
.....................# #
###############.#..###
#..#..#


You could see Eustachio, an iron imp (summoned), a quokka (summoned) and a bat
(summoned).

Vanquished Creatures
  A phantom (D:4)
  A scorpion (D:4)
  A bullfrog skeleton (D:4)
  4 gnolls (D:4)
  An adder (D:2)
  7 river rats
  A worm (D:2)
  A dart slug (D:3)
  An orc (D:3)
  6 endoplasms
  4 giant cockroaches
  4 goblins
  3 hobgoblins
  4 jackals
  6 kobolds
  2 quokkas
  11 ball pythons
  8 bats
  5 frilled lizards
  16 rats
87 creatures vanquished.

Notes
Turn   | Place    | Note
-------+----------+-------------------------------------------
     0 | D:1      | knot the Demonspawn Berserker began the quest for the Orb.
     0 | D:1      | Reached XP level 1. HP: 18/18 MP: 1/1
    59 | D:1      | Reached skill level 3 in Axes
    63 | D:1      | Gained mutation: You regenerate a little health from kills.
                  | [demonic ancestry]
    63 | D:1      | Reached XP level 2. HP: 24/24 MP: 2/2
   551 | D:1      | Found a faded altar of an unknown god.
   837 | D:2      | Reached ** piety under Trog
   838 | D:2      | Gained mutation: Your movements are slightly less
                  | encumbered by armour. (ER -2) [demonic ancestry]
   838 | D:2      | Reached XP level 3. HP: 28/29 MP: 3/3
  1133 | D:2      | Reached skill level 4 in Axes
  1856 | D:3      | Found a glowing drain.
  1868 | D:3      | Reached XP level 4. HP: 13/35 MP: 4/4
  2094 | Sewer    | Entered a sewer
  2189 | Sewer    | Reached skill level 5 in Axes
  2679 | Sewer    | Reached XP level 5. HP: 26/41 MP: 5/5
  3525 | D:3      | Found a shadowy altar of Dithmenos.
  3528 | D:3      | Found a bloodstained altar of Trog.
  3529 | D:3      | Found a basalt altar of Yredelemnul.
  3529 | D:3      | Found a radiant altar of Vehumet.
  3529 | D:3      | Found a burning altar of Makhleb.
  3531 | D:3      | Found a broken altar of Ashenzari.
  3532 | D:3      | Found a snail-covered altar of Cheibriados.
  3534 | D:3      | Found a sacrificial altar of Ru.
  3761 | D:4      | Reached skill level 6 in Axes
  4289 | D:4      | Gained mutation: You have a small tail. [demonic ancestry]
  4289 | D:4      | Reached XP level 6. HP: 16/47 MP: 6/6
  5163 | D:4      | Noticed Eustachio
  5186 | D:4      | HP: 1/47 [Eustachio (8)]
  5186 | D:4      | Mangled by an iron imp

Illustrated notes

Levels and vault maps discovered:
D:1:      minmay_arrival_nine_rooms, layout_rooms, basic_ecumenical_altar
D:2:      layout_basic
D:3:      layout_loops_ring, minitemple, portal_sewer_entry_b,
          lemuel_old_faithful
D:4:      layout_basic, uniq_eustachio

Skill      XL: |  1  2  3  4  5 |
---------------+----------------+-----
Axes           | 3 4 5 6 |  6.6
Fighting       | |  3.0
Armour         | |  1.7
Dodging        | |  1.7

Action                   |  1- 3 |  4- 6 || total
-------------------------+-------+-------++-------
Melee: Hand axe          |   100 |   159 ||   259
       Punch             |     1 |     3 ||     4
       Tailslap          |       |     2 ||     2
Invok: Berserk           |     3 |     6 ||     9
 Stab: Sleeping          |       |     4 ||     4
Armor: Animal skin       |    23 |    21 ||    44
Dodge: Dodged            |    88 |   101 ||   189

Table legend: (Time is in decaauts)
 A = Elapsed time spent in this place.
 B = Non-inter-level travel time spent in this place.
 C = Inter-level travel time spent in this place.
 D = Time resting spent in this place.
 E = Time spent auto-exploring this place.
 F = Levels seen in this place.
 G = Mean time per level.
                   A        B        C        D        E       F      G
               +--------+--------+--------+--------+--------+-----+--------+
         Total |   5313 |   5274 |     39 |   2083 |   2579 |   5 | 1062.6 |
       Dungeon |   4346 |   4307 |     39 |   1598 |   2324 |   4 | 1086.5 |
         Sewer |    967 |    967 |      0 |    484 |    254 |   1 |  967.0 |
               +--------+--------+--------+--------+--------+-----+--------+

Top non-repeatable levels by time:
     D:3: 1302 daAuts
     D:4: 1182 daAuts
     D:2: 1126 daAuts
   Sewer: 967 daAuts
     D:1: 734 daAuts
